Cogmind - Beta 15 @@@ ROGUE MODE // 2025.08.11 @ 03:12:14 Player: Naughtyusername Result: Destroyed by H-88 Terminator with KE Penetrator Performance ------------- Evolutions (9) 4500 Regions Visited (21) 4200 Robots Destroyed (55) 275 Value Destroyed (1789) 1789 Prototype IDs (47) 940 Alien Tech Used (0) 0 Bonus (3572) 3572 TOTAL SCORE: 15276 Bonus ------- Follower Combat Kills 272 Entered Garrisons 200 Entered DSFs 500 Network Hubs Disabled 800 Registered with UFD 300 Met Optimus in HQ 500 Met Warlord at Base 500 MAIN.C Attacked Warlord 500 Cogmind --------- Core Integrity 0/1600 Matter 185/300 Energy 98/100 System Corruption 10% Temperature Cool (0) Movement Core (50) Location -1/Access Parts ------- > --- POWER (2) -------- (None) > --- PROPULSION (6) --- (None) > --- UTILITY (11) ----- (None) > --- WEAPON (6) ------- (None) > --- INVENTORY (5) ---- Quantum Reactor Experimental Gyrokinetic Inverter Energy Well (350) Advanced Sensor Array Enhanced Gamma Bomb Array Peak State ------------ > --- POWER ------------ Particle Reactor Light Quantum Reactor > --- PROPULSION ------- Combat Linear Gravjet Combat Linear Gravjet Combat Linear Gravjet Combat Linear Gravjet Combat Linear Gravjet Combat Linear Gravjet > --- UTILITY ---------- Advanced Cooling System Energy Well Structural Scanner Advanced Visual Processing Unit Advanced Signal Interpreter Advanced Terrain Scan Processor Heavy Armor Plating Improved Medium Armor Plating Graphene Brace A0-MCA's Component Scanner > --- WEAPON ----------- Heavy Machine Gun Railgun Hypervelocity Railgun Enhanced Hardcell Cannon > --- INVENTORY -------- Light Antimatter Reactor Light Antimatter Reactor Experimental Gyrokinetic Inverter Compact Matter Pod Long-range Proton Cannon [Rating: 153] Favorites ----------- Power Micro Fission Core Engine Ion Engine Power Core Micro Fission Core Reactor Vortex Chain Reactor Propulsion Improved Surge Thruster Leg Aluminum Leg Wheel Compact Wheel Hover Unit Combat Linear Gravjet Flight Unit Improved Surge Thruster Utility A0-MCA's Component Scanner Device Experimental Sensor Array Storage Large Storage Unit Processor A0-MCA's Component Scanner Hackware Hacking Suite Protection Hardened Light Armor Plating Weapon Katana Energy Gun Variable Charge Gun Energy Cannon Light EM Pulse Cannon Ballistic Gun Hypervelocity Railgun Ballistic Cannon Enhanced Hardcell Cannon Launcher Grenade Launcher Slashing Weapon Katana Build | -11 -10 -10 -10 -7 -7 -5 -5 -5 -5 -4 -4 -4 -4 -4 -4 -3 -3 -2 -1 -1 -1 ------- Run | Yrd Mat Min Sub Rec Scr Fac Upp Upp War Pro Fac Ext Cet Arc Hub Res DSF Res Acc Gar Acc Slots Evolved 18 | . . . . . . 10 . . . . 2 . . . . 2 . 2 2 . . Power 1 | . . . . . . . . . . . 1 . . . . . . . . . . Propulsion 4 | . . . . . . 4 . . . . . . . . . . . . . . . Utility 9 | . . . . . . 6 . . . . 1 . . . . 2 . . . . . Weapon 4 | . . . . . . . . . . . . . . . . . . 2 2 . . Parts Attached 99 | 4 4 1 4 1 1 22 . . 8 1 6 4 . . 1 . 11 16 13 1 1 Power 12 | . . . 1 . 1 1 . . 1 . 1 . . . . . 2 3 2 . . Engine 2 | . . . 1 . 1 . . . . . . . . . . . . . . . . Core 1 | . . . . . . 1 . . . . . . . . . . . . . . . Reactor 9 | . . . . . . . . . 1 . 1 . . . . . 2 3 2 . . Propulsion 30 | 2 . . 1 1 . 11 . . 4 . 1 . . . . . 6 . 3 . 1 Treads . | . . . . . . . . . . . . . . . . . . . . . . Leg . | . . . . . . . . . . . . . . . . . . . . . . Wheel 7 | 2 . . 1 1 . 3 . . . . . . . . . . . . . . . Hover 12 | . . . . . . 5 . . . . . . . . . . 6 . . . 1 Flight 11 | . . . . . . 3 . . 4 . 1 . . . . . . . 3 . . Utility 34 | 1 1 1 1 . . 7 . . 2 . 3 2 . . 1 . 1 9 5 . . Device 17 | 1 . 1 . . . 4 . . 1 . 2 1 . . . . . 4 3 . . Storage 3 | . 1 . . . . . . . . . . . . . . . . 1 1 . . Processor 7 | . . . . . . 2 . . . . . 1 . . 1 . . 2 1 . . Hackware 3 | . . . . . . 1 . . 1 . 1 . . . . . . . . . . Protection 4 | . . . 1 . . . . . . . . . . . . . 1 2 . . . Artifact . | . . . . . . . . . . . . . . . . . . . . . . Weapon 23 | 1 3 . 1 . . 3 . . 1 1 1 2 . . . . 2 4 3 1 . Energy Gun 5 | . . . . . . . . . 1 1 1 . . . . . . . 1 1 . Energy Cannon 4 | . 2 . . . . . . . . . . . . . . . . 1 1 . . Ballistic Gun 5 | 1 . . . . . . . . . . . . . . . . 2 2 . . . Ballistic Cannon 3 | . . . 1 . . . . . . . . 1 . . . . . 1 . . . Launcher 3 | . 1 . . . . 1 . . . . . . . . . . . . 1 . . Special Weapon . | . . . . . . . . . . . . . . . . . . . . . . Impact Weapon . | . . . . . . . . . . . . . . . . . . . . . . Slashing Weapon 3 | . . . . . . 2 . . . . . 1 . . . . . . . . . Piercing Weapon . | . . . . . . . . . . . . . . . . . . . . . . Special Melee Weapon . | . . . . . . . . . . . . . . . . . . . . . . Unidentified Prototypes 1 | . . . . . . . . . . . 1 . . . . . . . . . . Parts Lost 60 | . . . 8 . . 4 . . . . . 3 . . 9 . 1 12 19 4 . Power 8 | . . . 2 . . . . . . . . . . . . . . 3 3 . . Propulsion 19 | . . . 2 . . 2 . . . . . 1 . . 5 . . . 8 1 . Utility 21 | . . . 1 . . 1 . . . . . 2 . . 4 . . 7 4 2 . Weapon 12 | . . . 3 . . 1 . . . . . . . . . . 1 2 4 1 . Highest Loss Streak 14 | . . . 4 . . 4 . . . . . 1 . . 5 . 1 5 14 4 . To Critical Strikes 2 | . . . . . . . . . . . . . . . . . . . 1 1 . Average Backups 6 | 3 7 9 9 7 14 4 1 2 3 4 3 4 5 4 4 5 4 4 4 5 5 Power . | 1 1 1 . . . . . . . 1 . . . . . . . 1 . 1 1 Propulsion 1 | 2 4 4 4 3 3 . . . . . . . . . . . . 1 1 1 1 Utility 2 | . 1 2 2 1 6 2 1 2 2 2 1 1 2 2 2 2 2 1 . 1 2 Weapon 1 | . 1 1 1 3 4 1 . . . 1 1 2 3 2 2 3 1 . 2 1 1 Tool/Special . | . . . . . . . . . . . . . . . . . . . . . . Unused Backups 28 | 4 5 . 2 . 2 3 1 . 1 . 1 1 . . . . 1 2 3 . 2 Power 5 | . 1 . 1 . . 1 . . . . . . . . . . . . 1 . 1 Propulsion 7 | 4 1 . . . . . . . . . . . . . . . . 1 . . 1 Utility 8 | . 1 . 1 . 1 1 1 . 1 . 1 . . . . . . . 1 . . Weapon 8 | . 2 . . . 1 1 . . . . . 1 . . . . 1 1 1 . . Tool/Special . | . . . . . . . . . . . . . . . . . . . . . . Average Slot Usage (%) 72 | . 99 100 98 57 61 56 69 70 88 100 80 77 73 75 60 23 47 82 43 12 . Engine 2 | . 14 14 14 . 4 1 . . . . . . . . . . . . . . . Core 1 | . . . . . . 2 5 5 4 . . . . . . . . . . . . Reactor 1 | . . . . . . . . . . 5 4 5 5 5 2 . 2 6 4 . . Wheel 10 | . 28 28 27 28 28 9 . . . . . . . . . . . . . . . Hover 2 | . . . . . . 4 . . . . . . . . . . 16 26 13 . . Flight 10 | . . . . . . 6 17 17 27 35 26 25 26 26 18 . . . 3 3 . Device 11 | . 14 14 12 . . 10 17 17 21 23 19 17 15 15 10 4 4 11 6 2 . Storage 5 | . 14 14 14 14 14 1 . . . . . . . . . . . 3 4 . . Processor 7 | . . . . . . 10 11 11 11 11 10 11 15 15 20 19 19 16 7 6 . Hackware 3 | . . . . . . . 5 5 9 11 12 12 10 10 7 . . . . . . Protection 3 | . . . 1 14 14 1 . . . . . . . . . . . 2 . . . Energy Cannon 3 | . 26 27 7 . . . . . . . . . . . . . . 1 1 . . Slashing Weapon 3 | . . . . . . 4 10 11 10 10 5 3 . . . . . . . . . Peak Build Rating 153 | 7 10 10 10 6 15 73 66 66 107 112 128 126 115 121 121 30 118 153 126 41 10 Average Rating 58 | 6 9 9 9 6 10 48 65 66 93 107 118 116 115 117 89 30 76 136 83 26 3 On Entrance 56 | 6 7 10 10 5 6 15 63 66 66 107 107 114 115 115 115 30 30 114 114 33 3 Naked Turns 61 | . . . . . . . . . . . . . . . . . . . . 12 49 Heaviest Build 95 | 14 34 34 34 25 38 51 13 13 23 23 43 48 38 38 38 1 53 95 58 6 . Greatest Support 84 | 20 20 20 26 32 32 62 15 15 34 38 41 41 42 40 42 3 84 84 84 6 12 Greatest Overweight (x) 3 | . 3 1 3 . 1 1 . . . . 1 1 . . 1 . . 1 1 . . Average Overweight (x) . | . . 1 1 . . . . . . . . . . . . . . . . . . Largest Inventory Capacity 15 | 8 15 15 15 15 15 15 5 5 5 5 5 5 5 5 5 5 5 5 5 5 5 Average Capacity 8 | 8 10 15 15 15 15 8 5 5 5 5 5 5 5 5 5 5 5 5 5 5 5 Most Carried 15 | 8 8 10 10 9 15 14 4 2 5 5 5 5 5 5 5 5 5 5 5 5 5 Average Carried 6 | 2 7 9 9 7 14 4 1 2 4 5 4 4 5 4 4 5 4 4 4 4 5 Final Capacity 15 | 8 15 15 15 15 15 5 5 5 5 5 5 5 5 5 5 5 5 5 5 5 5 Final Carried 15 | 5 8 10 8 9 15 4 2 2 5 5 4 5 5 5 5 5 5 4 5 5 5 Class Distribution -------------------- 45% | Mutant 17% | Hacker-Ninja 17% | Ninja 5% | Sprinter 4% | Hacker-Scout Dominant Class ---------------- Mutant | -10/Materials Mutant | -10/Mines Mutant | -10/Subcaves Mutant | -7/Recycling Mutant | -7/Scraptown Sprinter | -5/Factory Ninja | -5/Upper Caves Ninja | -5/Upper Caves Hacker-Ninja | -5/Warlord Hacker-Ninja | -4/Proximity Caves Hacker-Ninja | -4/Factory Hacker-Ninja | -4/Extension Hacker-Scout | -4/Cetus Hacker-Scout | -4/Archives Hacker-Scout | -4/Hub_04(d) Mutant | -3/Research Mutant | -3/DSF Scavenger-Tank | -2/Research Mutant | -1/Access Sprinter | -1/Garrison Mutant | -1/Access Resources | -11 -10 -10 -10 -7 -7 -5 -5 -5 -5 -4 -4 -4 -4 -4 -4 -3 -3 -2 -1 -1 -1 ----------- Run | Yrd Mat Min Sub Rec Scr Fac Upp Upp War Pro Fac Ext Cet Arc Hub Res DSF Res Acc Gar Acc Matter Collected 2201 | 256 63 47 212 99 9 113 187 . 90 . 140 179 . . . . 17 295 494 . . Remotely . | . . . . . . . . . . . . . . . . . . . . . . Salvage Created 2244 | 84 465 38 375 . . 113 150 . . . . 165 . . . . . 287 567 . . Parts 135 | 10 18 7 25 . . 9 4 . . . . 9 . . . . . 24 29 . . Haulers Intercepted 1 | . 1 . . . . . . . . . . . . . . . . . . . . Recyclers Shooed . | . . . . . . . . . . . . . . . . . . . . . . Parts Field Recycled . | . . . . . . . . . . . . . . . . . . . . . . Retrieved Matter . | . . . . . . . . . . . . . . . . . . . . . . Parts Self-Destructed 15 | . . . 12 . . . 3 . . . . . . . . . . . . . . Prevented . | . . . . . . . . . . . . . . . . . . . . . . Kills | -11 -10 -10 -10 -7 -7 -5 -5 -5 -5 -4 -4 -4 -4 -4 -4 -3 -3 -2 -1 -1 -1 ------- Run | Yrd Mat Min Sub Rec Scr Fac Upp Upp War Pro Fac Ext Cet Arc Hub Res DSF Res Acc Gar Acc Combat Hostiles Destroyed 39 | . 4 3 14 . . 2 . . . . . 1 . . . . . 5 10 . . Melee 2 | . . . . . . 1 . . . . . 1 . . . . . . . . . Guns 1 | . . . . . . . . . . . . . . . . . . 1 . . . Cannons 11 | . 4 . . . . . . . . . . . . . . . . 4 3 . . AOE 23 | . . 3 13 . . 1 . . . . . . . . . . . . 6 . . Classes Destroyed 12 | 2 6 . 1 . . 1 . . . . . . . . . . . 2 . . . Worker 4 | . 1 1 . . . . . . . . . . . . . . . 1 1 . . Builder 2 | . . . . . . . . . . . . . . . . . . 2 . . . Tunneler 1 | 1 . . . . . . . . . . . . . . . . . . . . . Hauler 1 | . 1 . . . . . . . . . . . . . . . . . . . . Recycler 6 | 1 3 . . . . . . . . . . 1 . . . . . . 1 . . Operator 1 | . 1 . . . . . . . . . . . . . . . . . . . . Watcher 1 | . 1 . . . . . . . . . . . . . . . . . . . . Swarmer 23 | . 3 3 4 . . . . . . . . . . . . . . 4 9 . . Grunt 2 | . 1 . . . . 1 . . . . . . . . . . . . . . . Sentry 2 | . . . . . . . . . . . . . . . . . . 1 1 . . Hunter 1 | . . . . . . 1 . . . . . . . . . . . . . . . Subdweller 10 | . . . 10 . . . . . . . . . . . . . . . . . . Decomposer 1 | . . . . . . . 1 . . . . . . . . . . . . . . Thug 1 | . . . . . . . . . . . . 1 . . . . . . . . . Best Kill Streak 7 | 2 3 4 6 . . 1 . . . . . 1 . . . . . 5 7 . . Combat Bots Only 6 | . 3 3 6 . . 1 . . . . . 1 . . . . . 4 6 . . Max Kills in Single Turn 7 | 1 2 4 2 . . 1 1 . . . . 1 . . . . . 2 7 . . Gunslinging . | . . . . . . . . . . . . . . . . . . . . . . Exploded 6 | . . 3 2 . . 1 . . . . . . . . . . . . 6 . . Melee 1 | . . . . . . 1 . . . . . 1 . . . . . . . . . Uniques/NPCs Destroyed . | . . . . . . . . . . . . . . . . . . . . . . Combat | -11 -10 -10 -10 -7 -7 -5 -5 -5 -5 -4 -4 -4 -4 -4 -4 -3 -3 -2 -1 -1 -1 -------- Run | Yrd Mat Min Sub Rec Scr Fac Upp Upp War Pro Fac Ext Cet Arc Hub Res DSF Res Acc Gar Acc Hostile Shots Fired 739 | . 13 1 30 . 6 52 . . 1 . . 14 4 5 110 . 126 141 146 70 20 Missed 319 | . 5 . 17 . 1 18 . . . . . 7 4 1 48 . 68 45 66 29 10 Hits 420 | . 8 1 13 . 5 34 . . 1 . . 7 . 4 62 . 58 96 80 41 10 Melee 15 | . . . . . . . . . . . . . . . 3 . 10 . 2 . . Projectile 405 | . 8 1 13 . 5 34 . . 1 . . 7 . 4 59 . 48 96 78 41 10 AOE 4 | . . . . . . . . . . . . . . . 1 . 3 . . . . Critical Strikes 32 | . . . 2 . . 1 . . . . . 2 . . 5 . 6 4 7 5 . Actively Blocked 20 | . . . . . . . . . . . . 1 . . 5 . 6 4 4 . . Damage Taken 10387 | . 109 10 690 . 82 636 . . 19 . . 204 . 112 1608 . 1436 2200 2290 778 213 Core 3816 | . 29 . 82 . 8 172 . . . . . 16 . 27 1013 . 689 166 839 562 213 Absorbed by Shields 89 | . . . . . . 30 . . . . . . . . . . 11 48 . . . Regen/Repaired (Parts) 180 | . . . . . 146 . . . 34 . . . . . . . . . . . . Core Remaining (%) 62 | 100 . . . . 52 . . . . 82 . . . . 8 . 47 88 . . . Volleys Fired 159 | 4 16 1 33 . . 2 . . 5 3 21 17 . 4 6 . . 22 21 4 . Largest 4 | 2 2 1 2 . . 1 . . 1 1 1 1 . 1 1 . . 4 1 1 . Hottest 241 | 40 112 30 112 . . 40 . . 45 45 225 48 . 75 225 . . 241 94 65 . Shots Fired 223 | 8 28 1 36 . . 2 . . 5 3 21 17 . 4 6 . . 67 21 4 . Gun 82 | 8 . . . . . . . . 5 3 21 . . 2 3 . . 35 1 4 . Cannon 110 | . 27 . 11 . . . . . . . . 17 . 2 3 . . 32 18 . . Launcher 31 | . 1 1 25 . . 2 . . . . . . . . . . . . 2 . . Special . | . . . . . . . . . . . . . . . . . . . . . . Kinetic 92 | 8 . . 2 . . 2 . . . . . 17 . 2 3 . . 52 6 . . Thermal 46 | . . . . . . . . . . . 21 . . 2 3 . . 15 1 4 . Explosive 27 | . 1 1 25 . . . . . . . . . . . . . . . . . . Electromagnetic 50 | . 27 . 9 . . . . . . . . . . . . . . . 14 . . Entropic 8 | . . . . . . . . . 5 3 . . . . . . . . . . . Robot Hit Streak 11 | 4 6 4 11 . . 1 . . . . . 3 . 1 . . . 4 6 . . Robot Miss Streak 9 | 1 1 . 1 . . 1 . . . . . 5 . 1 . . . 9 3 . . Penetration Max 1 | . . . . . . . . . . . . . . . . . . 1 . . . Secondary Targets . | . . . . . . . . . . . . . . . . . . . . . . Shots Hit Robots 93 | 5 16 1 17 . . 2 4 . . . . 10 . 2 . . . 24 12 . . Core Hits 83 | 3 12 4 20 . . 6 1 . . . . 4 . . . . . 15 18 . . Critical Kills 4 | . . . . . . . . . . . . 1 . . . . . 3 . . . Critical Parts Destroyed 7 | . . . . . . . . . . . . 3 . . . . . 4 . . . Critical Strikes 13 | . . . . . . . . . . . . 6 . . . . . 7 . . . Destroy 13 | . . . . . . . . . . . . 6 . . . . . 7 . . . Melee Attacks 118 | . . . . . . 14 53 11 2 20 13 5 . . . . . . . . . Impact . | . . . . . . . . . . . . . . . . . . . . . . Slashing 118 | . . . . . . 14 53 11 2 20 13 5 . . . . . . . . . Piercing . | . . . . . . . . . . . . . . . . . . . . . . Sneak Attacks 3 | . . . . . . 1 1 . . . . 1 . . . . . . . . . Combat Hostiles 1 | . . . . . . 1 . . . . . . . . . . . . . . . Follow-up Attacks . | . . . . . . . . . . . . . . . . . . . . . . Damage Inflicted 4332 | 62 586 161 972 . . 269 243 . . . . 318 . . 32 . . 776 913 . . Guns 273 | 62 . . . . . . . . . . . . . . . . . 211 . . . Cannons 1766 | . 458 . 133 . . . . . . . . 221 . . . . . 519 435 . . Explosions 1725 | . 128 161 839 . . 172 . . . . . . . . . . . . 425 . . Melee 411 | . . . . . . 71 243 . . . . 97 . . . . . . . . . Ramming 157 | . . . . . . 26 . . . . . . . . 32 . . 46 53 . . Kinetic 1129 | 62 . . . . . 172 . . . . . 221 . . . . . 451 223 . . Thermal 663 | . 128 . . . . . . . . . . . . . . . . 279 256 . . Explosive 1000 | . . 161 839 . . . . . . . . . . . . . . . . . . Electromagnetic 972 | . 458 . 133 . . . . . . . . . . . . . . . 381 . . Impact . | . . . . . . . . . . . . . . . . . . . . . . Slashing 411 | . . . . . . 71 243 . . . . 97 . . . . . . . . . Piercing . | . . . . . . . . . . . . . . . . . . . . . . Highest Corruption 10 | . 1 1 10 10 . . . . . . . . . . 6 . . 2 8 10 10 Average Corruption 4 | . 1 1 1 10 . . . . . . . . . . 1 . . 2 7 8 10 Corruption Purged . | . . . . . . . . . . . . . . . . . . . . . . Corruption Blocked . | . . . . . . . . . . . . . . . . . . . . . . Effects 35 | . 1 1 6 16 . . . . . . . . . . 1 . . . 6 1 3 Message Errors 10 | . . . 3 6 . . . . . . . . . . . . . . 1 . . Matter Fused 7 | . . . 2 2 . . . . . . . . . . 1 . . . 2 . . Heat Flow Errors 5 | . 1 1 . 2 . . . . . . . . . . . . . . . . 1 Energy Discharges 3 | . . . . 1 . . . . . . . . . . . . . . 1 . 1 Data Loss (minor) 8 | . . . . 5 . . . . . . . . . . . . . . 1 1 1 Alerts 1 | . . . . . . . . . . . . . . . . . . . 1 . . Weapon Failures 1 | . . . 1 . . . . . . . . . . . . . . . . . . Overload Shots 19 | . . . . . . . . . . . 17 . . . 2 . . . . . . Effects 1 | . . . . . . . . . . . 1 . . . . . . . . . . Energy Bleed 1 | . . . . . . . . . . . 1 . . . . . . . . . . Overflow Damage 220 | . 29 . 6 . . . 145 . . . . . . . . . . 4 36 . . Projectiles 60 | . 26 . . . . . . . . . . . . . . . . 4 30 . . Explosions 15 | . 3 . 6 . . . . . . . . . . . . . . . 6 . . Melee 145 | . . . . . . . 145 . . . . . . . . . . . . . . Knockbacks 6 | . . . . . . . . . . . . . . . . . . 3 3 . . Impact . | . . . . . . . . . . . . . . . . . . . . . . Kinetic 6 | . . . . . . . . . . . . . . . . . . 3 3 . . Secondary . | . . . . . . . . . . . . . . . . . . . . . . Self-Inflicted Damage 376 | . 37 . 133 . . 72 . . . . . . . . 14 . . 23 97 . . Shots 12 | . 1 . 6 . . 1 . . . . . . . . . . . . 4 . . Rammed 14 | . . . . . . 3 . . . . . . . . 6 . . 3 2 . . Targets Rammed 14 | . . . . . . 3 . . . . . . . . 6 . . 3 2 . . Kicked . | . . . . . . . . . . . . . . . . . . . . . . Crushed . | . . . . . . . . . . . . . . . . . . . . . . Highest Temperature 443 | . 262 152 276 263 6 38 . . 81 270 295 183 105 96 443 . 1 259 435 . 118 Average Temperature 91 | . 73 82 138 120 6 17 . . 20 94 65 42 54 62 284 . 1 108 121 . 66 Received Heat Transfer 1308 | . 12 . 610 . 42 216 . . 9 . . 21 . 9 117 . 66 98 90 18 . Effects 15 | . 3 . . . . . . . . 3 . . . . 6 . . . 3 . . Shutdowns 1 | . . . . . . . . . . . . . . . . . . . 1 . . Interference 8 | . 3 . . . . . . . . 3 . . . . 2 . . . . . . Short Circuit 3 | . . . . . . . . . . . . . . . 1 . . . 2 . . Damage (major) 3 | . . . . . . . . . . . . . . . 3 . . . . . . Siege Activations . | . . . . . . . . . . . . . . . . . . . . . . Martial Activations . | . . . . . . . . . . . . . . . . . . . . . . Shielding Activations . | . . . . . . . . . . . . . . . . . . . . . . Robots Disrupted . | . . . . . . . . . . . . . . . . . . . . . . Combat Hostiles . | . . . . . . . . . . . . . . . . . . . . . . Robots Corrupted 2 | . . . 1 . . . . . . . . . . . . . . . 1 . . Combat Hostiles 2 | . . . 1 . . . . . . . . . . . . . . . 1 . . Parts Fried 9 | . 3 . 4 . . . . . . . . . . . . . . . 2 . . Impact Corruptions . | . . . . . . . . . . . . . . . . . . . . . . Robots Melted . | . . . . . . . . . . . . . . . . . . . . . . Combat Hostiles . | . . . . . . . . . . . . . . . . . . . . . . Parts Melted . | . . . . . . . . . . . . . . . . . . . . . . Heat Transferred 659 | . 200 . . . . . . . . . . . . . . . . 259 200 . . Parts Sabotaged . | . . . . . . . . . . . . . . . . . . . . . . Parts Stolen . | . . . . . . . . . . . . . . . . . . . . . . Parts Stripped . | . . . . . . . . . . . . . . . . . . . . . . Power Chain Reactions 6 | . 4 . . . . . . . . . . . . . . . . . 2 . . Alert | -11 -10 -10 -10 -7 -7 -5 -5 -5 -5 -4 -4 -4 -4 -4 -4 -3 -3 -2 -1 -1 -1 ------- Run | Yrd Mat Min Sub Rec Scr Fac Upp Upp War Pro Fac Ext Cet Arc Hub Res DSF Res Acc Gar Acc Maximum Alert Level 1 | . . . . . . . . . . . 1 . . . 1 . . . 1 1 . Low Security (%) 86 | 100 100 100 . 100 . 100 . . . . 43 100 100 100 64 100 100 100 60 . 100 Level 1 13 | . . . . . . . . . . . 56 . . . 35 . . . 39 100 . Level 2 . | . . . . . . . . . . . . . . . . . . . . . . Level 3 . | . . . . . . . . . . . . . . . . . . . . . . Level 4 . | . . . . . . . . . . . . . . . . . . . . . . Level 5 . | . . . . . . . . . . . . . . . . . . . . . . High Security . | . . . . . . . . . . . . . . . . . . . . . . Max Security . | . . . . . . . . . . . . . . . . . . . . . . Peak Influence 388 | 10 76 78 . 30 . 130 . . . . 300 71 8 30 333 174 179 197 388 344 182 Initial 300 | . . 7 . 29 . . . . . . 300 32 8 . 10 174 134 94 22 300 182 Average 86 | 2 36 21 . 9 . 70 . . . . 195 30 5 15 116 174 153 125 163 314 172 Influence Increases 3058 | 10 203 78 110 95 . 320 5 . . . 348 398 . 30 503 5 45 204 660 44 . Destroy 0b10 Robot/C 740 | . 80 60 80 . . 40 . . . . . 180 . . . . . 100 200 . . Destroy 0b10 Robot/NC 100 | 10 35 5 . . . . 5 . . . . 20 . . . . . 15 10 . . Destroy Leader 108 | . 24 10 . . . 10 . . . . . 14 . . . . . 20 30 . . Allied During Kill 66 | . . . . . . . . . . . . 66 . . . . . . . . . Successful Hack 124 | . 13 . . 5 . 24 . . . . . 12 . . . 5 . . 51 14 . Select Force Hacks 240 | . . . . 90 . . . . . . . . . . 150 . . . . . . Disable Machine 135 | . 30 . . . . 45 . . . . . . . 15 . . . 15 30 . . Destroy Structure 270 | . 21 3 . . . 36 . . . . 48 16 . . 8 . . 39 84 15 . Advance Influence 300 | . . . . . . . . . . . 300 . . . . . . . . . . Partial Spotted 195 | . . . . . . 30 . . . . . 15 . 15 45 . . . 75 15 . Lose Combat Pursuer 780 | . . . 30 . . 135 . . . . . 75 . . 300 . 45 15 180 . . Influence Decreases 2896 | 10 183 90 56 147 10 198 127 . . . 280 451 15 . 200 159 55 335 322 116 142 Entered New Map 663 | . . 13 5 33 10 . 46 . . . . 36 7 . 20 159 45 75 16 76 122 Time Decay 1512 | 10 183 77 11 114 . 158 81 . . . 180 264 8 . 90 . . 140 176 . 20 Lost Part 470 | . . . 40 . . 40 . . . . . 20 . . 90 . 10 120 110 40 . Lost Ally 251 | . . . . . . . . . . . 100 131 . . . . . . 20 . . Squads Dispatched 27 | . 1 . . . . 3 . . . . 1 . . . 12 . 2 4 4 . . Investigation 13 | . 1 . . . . 1 . . . . . . . . 9 . . 2 . . . Extermination 5 | . . . . . . 1 . . . . 1 . . . . . . 1 2 . . Reinforcement 8 | . . . . . . 1 . . . . . . . . 3 . 2 1 1 . . Assault . | . . . . . . . . . . . . . . . . . . . . . . Garrison 1 | . . . . . . . . . . . . . . . . . . . 1 . . Intercept . | . . . . . . . . . . . . . . . . . . . . . . Searches Triggered . | . . . . . . . . . . . . . . . . . . . . . . Construction Impeded 2 | . . . . . . 1 . . . . . . . . . . . 1 . . . Haulers Reinforced . | . . . . . . . . . . . . . . . . . . . . . . Active Scanning Responses . | . . . . . . . . . . . . . . . . . . . . . . Cargo Convoy Interrupts . | . . . . . . . . . . . . . . . . . . . . . . Stealth | -11 -10 -10 -10 -7 -7 -5 -5 -5 -5 -4 -4 -4 -4 -4 -4 -3 -3 -2 -1 -1 -1 --------- Run | Yrd Mat Min Sub Rec Scr Fac Upp Upp War Pro Fac Ext Cet Arc Hub Res DSF Res Acc Gar Acc Distress Signals 12 | . 2 . . . . . . . . . . 3 1 . 2 . . 1 3 . . Communications Jammed . | . . . . . . . . . . . . . . . . . . . . . . Distress Signals . | . . . . . . . . . . . . . . . . . . . . . . Times Spotted 223 | . 12 3 16 . 4 15 . . 12 1 . 20 5 2 56 . 14 14 34 12 3 Peak Tracking Total 38 | . 4 3 6 . 3 5 . . 4 2 . 8 5 2 38 . 12 7 18 14 3 Tactical Retreats 25 | . . . 1 . . 6 . . . . . 4 . . 5 . 2 1 6 . . Traps | -11 -10 -10 -10 -7 -7 -5 -5 -5 -5 -4 -4 -4 -4 -4 -4 -3 -3 -2 -1 -1 -1 ------- Run | Yrd Mat Min Sub Rec Scr Fac Upp Upp War Pro Fac Ext Cet Arc Hub Res DSF Res Acc Gar Acc Traps Triggered 13 | . 1 . 3 . . 3 . . . . . . . . 1 . 3 . 1 1 . Indirectly . | . . . . . . . . . . . . . . . . . . . . . . Trap Hack Attempts . | . . . . . . . . . . . . . . . . . . . . . . Triggered . | . . . . . . . . . . . . . . . . . . . . . . Disarmed . | . . . . . . . . . . . . . . . . . . . . . . Reprogrammed . | . . . . . . . . . . . . . . . . . . . . . . Reused . | . . . . . . . . . . . . . . . . . . . . . . Traps Extracted . | . . . . . . . . . . . . . . . . . . . . . . Installed . | . . . . . . . . . . . . . . . . . . . . . . Triggered . | . . . . . . . . . . . . . . . . . . . . . . Machines | -11 -10 -10 -10 -7 -7 -5 -5 -5 -5 -4 -4 -4 -4 -4 -4 -3 -3 -2 -1 -1 -1 ---------- Run | Yrd Mat Min Sub Rec Scr Fac Upp Upp War Pro Fac Ext Cet Arc Hub Res DSF Res Acc Gar Acc Machines Disabled 11 | . 2 . 1 . . 3 . . 1 . . . . 1 . . . 1 2 . . Max in Single Turn 2 | . 1 . 1 . . 2 . . 1 . . . . 1 . . . 1 1 . . Garrison Access 2 | . . . . . . . . . . . 1 . . . . . . . 1 . . Network Hub 4 | . . . . . . . . . . . . . . . 4 . . . . . . Energy Cycler 1 | . . . . . . . . . . . . . . . . . . . 1 . . Machines Repaired . | . . . . . . . . . . . . . . . . . . . . . . Machines Dismantled . | . . . . . . . . . . . . . . . . . . . . . . Machines Sabotaged 3 | . . . . . . . . . . . . . . . 3 . . . . . . Overloaded Fab Kills . | . . . . . . . . . . . . . . . . . . . . . . Hacking | -11 -10 -10 -10 -7 -7 -5 -5 -5 -5 -4 -4 -4 -4 -4 -4 -3 -3 -2 -1 -1 -1 --------- Run | Yrd Mat Min Sub Rec Scr Fac Upp Upp War Pro Fac Ext Cet Arc Hub Res DSF Res Acc Gar Acc Machines Accessed 58 | . 5 . 1 9 3 4 1 1 5 . 5 3 1 . 9 1 . 3 6 1 . Terminals 36 | . 5 . . 5 . 4 . . . . 2 3 1 . 9 1 . 3 2 1 . Fabricators . | . . . . . . . . . . . . . . . . . . . . . . Repair Stations . | . . . . . . . . . . . . . . . . . . . . . . Recycling Units 7 | . . . . 4 . . . . . . 2 . . . . . . . 1 . . Scanalyzers . | . . . . . . . . . . . . . . . . . . . . . . Garrison Access 4 | . . . . . . . . . . . 1 . . . . . . . 3 . . Total Hacks 161 | . 17 . 5 19 21 20 1 1 9 . 8 6 3 . 18 1 . 16 14 2 . Successful 74 | . 5 . 5 6 21 7 1 1 9 . 4 2 . . 7 1 . . 4 1 . Failed 87 | . 12 . . 13 . 13 . . . . 4 4 3 . 11 . . 16 10 1 . Catastrophic 17 | . 1 . . 2 . 1 . . . . . 1 . . 3 . . 6 3 . . Database Lockouts . | . . . . . . . . . . . . . . . . . . . . . . Manual 76 | . 14 . . 20 . 12 . . . . 2 1 . . 17 . . 9 1 . . Terminals 106 | . 17 . . 13 . 20 . . . . 3 6 3 . 18 1 . 16 7 2 . Fabricators . | . . . . . . . . . . . . . . . . . . . . . . Repair Stations . | . . . . . . . . . . . . . . . . . . . . . . Recycling Units 11 | . . . . 6 . . . . . . 4 . . . . . . . 1 . . Scanalyzers . | . . . . . . . . . . . . . . . . . . . . . . Garrison Access 7 | . . . . . . . . . . . 1 . . . . . . . 6 . . Terminal Hacks 47 | . . . 5 . 21 4 1 1 9 . 1 2 . . . 1 . . 1 1 . Record 28 | . . . 5 . 15 . . . 8 . . . . . . . . . . . . Robot Analysis 5 | . . . . . 5 . . . . . . . . . . . . . . . . Open Door 6 | . . . . . . . 1 1 1 . 1 2 . . . . . . . . . Open DSF 2 | . . . . . . 1 . . . . . . . . . 1 . . . . . Level Access Points 1 | . . . . . . . . . . . . . . . . . . . 1 . . Branch Access Points 1 | . . . . . . 1 . . . . . . . . . . . . . . . Emergency Access Points 1 | . . . . . . . . . . . . . . . . . . . . 1 . Terminal Index 1 | . . . . . . 1 . . . . . . . . . . . . . . . Recall Reinforcements 1 | . . . . . . 1 . . . . . . . . . . . . . . . Proto ID Catalog 1 | . . . . . 1 . . . . . . . . . . . . . . . . Fabricator Hacks . | . . . . . . . . . . . . . . . . . . . . . . Repair Station Hacks . | . . . . . . . . . . . . . . . . . . . . . . Recycling Unit Hacks 3 | . . . . . . . . . . . 2 . . . . . . . 1 . . Retrieve Components 3 | . . . . . . . . . . . 2 . . . . . . . 1 . . Scanalyzer . | . . . . . . . . . . . . . . . . . . . . . . Garrison Access Hacks 3 | . . . . . . . . . . . 1 . . . . . . . 2 . . Unlock Access 1 | . . . . . . . . . . . . . . . . . . . 1 . . Seal Access 2 | . . . . . . . . . . . 1 . . . . . . . 1 . . Unauthorized Hacks 21 | . 5 . . 6 . 3 . . . . . . . . 7 . . . . . . Terminals 18 | . 5 . . 3 . 3 . . . . . . . . 7 . . . . . . Botnet 6 | . 2 . . 2 . 2 . . . . . . . . . . . . . . . Operators 1 | . 1 . . . . . . . . . . . . . . . . . . . . Skim 4 | . 2 . . 1 . 1 . . . . . . . . . . . . . . . Sabotage 7 | . . . . . . . . . . . . . . . 7 . . . . . . Fabricators . | . . . . . . . . . . . . . . . . . . . . . . Repair Stations . | . . . . . . . . . . . . . . . . . . . . . . Recycling Units 3 | . . . . 3 . . . . . . . . . . . . . . . . . Tunnel 3 | . . . . 3 . . . . . . . . . . . . . . . . . Scanalyzers . | . . . . . . . . . . . . . . . . . . . . . . Garrison Access . | . . . . . . . . . . . . . . . . . . . . . . Data Cores Recovered . | . . . . . . . . . . . . . . . . . . . . . . Used . | . . . . . . . . . . . . . . . . . . . . . . Hacking Detections 32 | . 5 . . 6 . 3 . . . . 3 3 1 . 3 . . 3 4 1 . Full Trace Events 7 | . 2 . . 1 . 1 . . . . . . . . 1 . . 2 . . . Feedback Events 1 | . 1 . . . . . . . . . . . . . . . . . . . . Corruption 1 | . 1 . . . . . . . . . . . . . . . . . . . . Feedback Blocked 1 | . . . . . . . . . . . . . . . 1 . . . . . . Robot Schematics Acquired . | . . . . . . . . . . . . . . . . . . . . . . Robots Built . | . . . . . . . . . . . . . . . . . . . . . . Authchips . | . . . . . . . . . . . . . . . . . . . . . . Time . | . . . . . . . . . . . . . . . . . . . . . . Total Robot Build Rating . | . . . . . . . . . . . . . . . . . . . . . . Part Schematics Acquired . | . . . . . . . . . . . . . . . . . . . . . . Parts Built . | . . . . . . . . . . . . . . . . . . . . . . Authchips . | . . . . . . . . . . . . . . . . . . . . . . Time . | . . . . . . . . . . . . . . . . . . . . . . Total Part Build Rating . | . . . . . . . . . . . . . . . . . . . . . . Parts Repaired . | . . . . . . . . . . . . . . . . . . . . . . Time . | . . . . . . . . . . . . . . . . . . . . . . Parts Recycled . | . . . . . . . . . . . . . . . . . . . . . . Recycled Matter . | . . . . . . . . . . . . . . . . . . . . . . Retrieved Matter . | . . . . . . . . . . . . . . . . . . . . . . Retrieved Components 4 | . . . . . . . . . . . 1 . . . . . . . 3 . . Parts Scanalyzed . | . . . . . . . . . . . . . . . . . . . . . . Part Schematics Acquired . | . . . . . . . . . . . . . . . . . . . . . . Parts Damaged . | . . . . . . . . . . . . . . . . . . . . . . Bothacking | -11 -10 -10 -10 -7 -7 -5 -5 -5 -5 -4 -4 -4 -4 -4 -4 -3 -3 -2 -1 -1 -1 ------------ Run | Yrd Mat Min Sub Rec Scr Fac Upp Upp War Pro Fac Ext Cet Arc Hub Res DSF Res Acc Gar Acc Used RIF Installer . | . . . . . . . . . . . . . . . . . . . . . . Robots Hacked . | . . . . . . . . . . . . . . . . . . . . . . Non-combat . | . . . . . . . . . . . . . . . . . . . . . . Combat . | . . . . . . . . . . . . . . . . . . . . . . Robot Hacks Applied . | . . . . . . . . . . . . . . . . . . . . . . Relay Couplers Released . | . . . . . . . . . . . . . . . . . . . . . . Fabnet Peak Effective % . | . . . . . . . . . . . . . . . . . . . . . . Robots Rewired 6 | . . . . . . . . . . . . 6 . . . . . . . . . Allies Hacked . | . . . . . . . . . . . . . . . . . . . . . . Hacks Repelled . | . . . . . . . . . . . . . . . . . . . . . . Allies | -11 -10 -10 -10 -7 -7 -5 -5 -5 -5 -4 -4 -4 -4 -4 -4 -3 -3 -2 -1 -1 -1 -------- Run | Yrd Mat Min Sub Rec Scr Fac Upp Upp War Pro Fac Ext Cet Arc Hub Res DSF Res Acc Gar Acc Total Allies 8 | . . . . . . . . . . . . 8 . . . . . . . . . Largest Group 5 | . . . . . . . . . . . . 5 . . . . . . . . . Highest-Rated Group 323 | . . . . . . . . . . . . 323 . . . . . . . . . Highest-Rated Ally 150 | . . . . . . . . . . . . 150 . . . . . . . . . Total Orders 3 | . . . . . . 1 . . . . 1 . . . . . . . 1 . . EXPLORE 3 | . . . . . . 1 . . . . 1 . . . . . . . 1 . . Ally Attacks 69 | . . . . . . . . . . . . 69 . . . . . . . . . Total Damage 1989 | . . . . . . . . . . . . 1989 . . . . . . . . . Kills 11 | . . . . . . . . . . . . 11 . . . . . . . . . Allies Corrupted . | . . . . . . . . . . . . . . . . . . . . . . Allies Melted 1 | . . . . . . . . . . . . 1 . . . . . . . . . Intel | -11 -10 -10 -10 -7 -7 -5 -5 -5 -5 -4 -4 -4 -4 -4 -4 -3 -3 -2 -1 -1 -1 ------- Run | Yrd Mat Min Sub Rec Scr Fac Upp Upp War Pro Fac Ext Cet Arc Hub Res DSF Res Acc Gar Acc Active Infowar (turns) 5153 | 13 351 271 352 . . 325 892 183 576 196 372 703 28 19 93 6 122 296 318 37 . Optics 855 | . . . . . . . . . . . . 238 28 19 89 6 122 296 57 . . Sensors 3457 | . . . . . . 265 892 183 576 168 372 703 28 19 90 . . . 124 37 . Terrain 2715 | . . . . . . 33 892 183 187 178 370 703 28 19 93 . . 29 . . . Structural 369 | . . . . . . . . . . . . . . . . . . 175 194 . . Seismic 987 | 13 351 271 352 . . . . . . . . . . . . . . . . . . Cloaking 2717 | . . . . . . 321 892 183 108 147 372 694 . . . . . . . . . Robot Analysis Total 5 | . . . . . 5 . . . . . . . . . . . . . . . . Derelict Logs Recovered 7 | . . 1 1 . 2 . 1 . . 2 . . . . . . . . . . . Drone Launches 15 | . . . . . . 2 . . . . 10 . . . . . . . 3 . . Drone Recoveries 1 | . . . . . . . . . . . . . . . . . . . 1 . . Exploration | -11 -10 -10 -10 -7 -7 -5 -5 -5 -5 -4 -4 -4 -4 -4 -4 -3 -3 -2 -1 -1 -1 ------------- Run | Yrd Mat Min Sub Rec Scr Fac Upp Upp War Pro Fac Ext Cet Arc Hub Res DSF Res Acc Gar Acc Turns Passed 7362 | 32 416 293 401 358 1283 415 892 183 591 196 377 703 28 19 194 8 122 296 432 70 53 Spaces Moved 9797 | 11 394 262 307 356 1219 681 921 409 740 412 891 793 87 28 524 15 189 336 994 155 73 Core 341 | . . . . . . 95 . . . . . . . . 59 15 70 . . 32 70 Treads . | . . . . . . . . . . . . . . . . . . . . . . Legs . | . . . . . . . . . . . . . . . . . . . . . . Wheels 2672 | 11 394 262 307 356 1219 123 . . . . . . . . . . . . . . . Hover 827 | . . . . . . 17 . . . . . . . . . . 119 336 352 . 3 Flight 5957 | . . . . . . 446 921 409 740 412 891 793 87 28 465 . . . 642 123 . Fastest Speed 11 | 80 80 95 95 100 100 27 29 29 18 11 18 23 19 23 19 50 45 45 20 20 50 Average Speed 48 | 80 84 95 101 100 104 42 29 29 26 21 23 23 21 23 31 50 50 54 33 26 50 Slowest Speed 151 | 80 125 95 125 100 115 101 29 29 29 26 80 91 23 23 94 50 60 145 151 50 70 Overloaded Moves 47 | . . . . . . 1 . . . 8 . . 31 . 7 . . . . . . Propulsion Burnouts . | . . . . . . . . . . . . . . . . . . . . . . Robots Hopped 59 | . . . . . . 5 . . 2 . 7 24 3 1 6 . . . 10 1 . Potential Cave-ins 12 | . . . 3 . . . . . . 4 3 . . . 2 . . . . . . Cave-ins Triggered 1 | . . . 1 . . . . . . . . . . . . . . . . . . Exploration Rate (%) 51 | 2 60 67 31 77 89 20 86 61 85 63 20 68 53 66 58 . 98 14 29 30 3 Regions Visited 21 Branch Regions 12 Pre-discovered Areas 6 | . . 1 . 3 1 . . . . 1 . . . . . . . . . . . Known Exits Taken 14 | . . . 1 . . 1 1 1 1 1 1 1 1 1 1 1 . 1 1 . . Unknown Exits Taken 5 | 1 1 1 . 1 1 . . . . . . . . . . . . . . . . Scrap Searched 13 | . . 1 1 . 4 . 2 3 . 2 . . . . . . . . . . . Spaces Dug 122 | . . . 20 . . 12 36 8 1 21 20 1 . . 3 . . . . . . Terrain Destroyed 324 | . 20 3 135 . . 17 36 8 6 24 26 4 . . 4 . . 11 30 . . Melee 86 | . . . . . . 12 36 8 1 16 12 1 . . . . . . . . . Projectile 46 | . . . . . . . . . 5 8 14 3 . . 4 . . 11 1 . . AOE 192 | . 20 3 135 . . 5 . . . . . . . . . . . . 29 . . Terrain Rammed . | . . . . . . . . . . . . . . . . . . . . . . Walls Destroyed . | . . . . . . . . . . . . . . . . . . . . . . Machines Disabled . | . . . . . . . . . . . . . . . . . . . . . . Actions | -11 -10 -10 -10 -7 -7 -5 -5 -5 -5 -4 -4 -4 -4 -4 -4 -3 -3 -2 -1 -1 -1 --------- Run | Yrd Mat Min Sub Rec Scr Fac Upp Upp War Pro Fac Ext Cet Arc Hub Res DSF Res Acc Gar Acc Total 11954 | 30 450 303 358 358 1234 779 1479 459 1126 488 1013 1260 92 35 543 14 211 389 1066 178 89 Wait 1545 | . 24 37 10 . . 1 512 43 364 56 58 376 9 1 8 . 5 2 25 . 14 Move 9675 | 10 393 261 305 355 1218 670 920 408 736 411 879 751 80 25 512 14 188 336 978 152 73 Hop 44 | . . . . . . 5 . . 1 . 4 17 3 1 6 . . . 6 1 . Pick Up 57 | 4 4 1 3 2 11 2 1 . 5 . 5 4 . . . . 3 5 7 . . Fast Attach 63 | 1 4 . . . . 11 . . 5 . 6 3 . . 1 . 10 11 9 1 1 Attach 55 | 3 . . 4 1 1 15 1 . 2 . 7 4 . 2 2 . 1 5 6 1 . Detach 38 | 3 2 . . . . 11 . . . . 7 3 . 2 2 . . 1 6 1 . Swap 16 | . 3 3 1 . . 1 . . 2 2 1 2 . . . . . 1 . . . Drop 59 | 5 4 . 1 . 4 9 2 . 4 . 12 4 . . 1 . 2 4 6 . 1 Fire 159 | 4 16 1 33 . . 2 . . 5 3 21 17 . 4 6 . . 22 21 4 . Melee 101 | . . . . . . 14 43 8 2 16 13 5 . . . . . . . . . Ram 12 | . . . . . . 3 . . . . . . . . 5 . . 2 2 . . Kick . | . . . . . . . . . . . . . . . . . . . . . . Crush . | . . . . . . . . . . . . . . . . . . . . . . Escape Stasis 55 | . . . 1 . . 35 . . . . . . . . . . 1 . . 18 . Rewire 75 | . . . . . . . . . . . . 74 . . . . 1 . . . . Trap . | . . . . . . . . . . . . . . . . . . . . . . Miscellaneous . | . . . . . . . . . . . . . . . . . . . . . . Route ------- -11/Scrapyard -10/Materials (discovered 2 exits: [*Mat] / [*Min]) -10/Mines (discovered 2 exits: [*Mat] / *Sub) -10/Subcaves (discovered 2 exits: [*Mat] / *Rec) -7/Recycling -7/Scraptown (discovered 2 exits: *Fac x2) -5/Factory (discovered 2 exits: *Upp x2) -5/Upper Caves -5/Upper Caves (discovered 2 exits: *Fac / *War) -5/Warlord -4/Proximity Caves -4/Factory -4/Extension (discovered 2 exits: *Res / *Cet) -4/Cetus -4/Archives -4/Hub_04(d) -3/Research -3/DSF -2/Research -1/Access (discovered 2 exits: Sur / Gar) -1/Garrison -1/Access History --------- Turn | Location | Event 20 | -11/Scrapyard | Discovered new exit (range 3) 33 | -11/Scrapyard | Entered Materials 305 | -10/Materials | Build established: Mutant 357 | -10/Materials | Discovered new exit (range 4) 427 | -10/Materials | Discovered new exit (range 10) 449 | -10/Materials | Entered Mines 622 | -10/Mines | Discovered new exit (range 8) 638 | -10/Mines | Learned location of Zion (-6) 728 | -10/Mines | Discovered new exit (range 5) 742 | -10/Mines | Entered Subcaves 759 | -10/Subcaves | Identified exit to Recycling 858 | -10/Subcaves | Discovered new exit (range 13) 884 | -10/Subcaves | Visited Clippyterm 887 | -10/Subcaves | Learned Research machine intel 887 | -10/Subcaves | Learned Factory stockpile data 980 | -10/Subcaves | Shifting Twisted Machinery released Sub. Beam Cannon 1011 | -10/Subcaves | Ambushed by Subdweller buried in earth 1141 | -10/Subcaves | Crushed by falling debris 1142 | -10/Subcaves | System corruption reached 10% 1143 | -10/Subcaves | Entered Recycling 1172 | -7/Recycling | Lost 4 parts (1p1n2w) 1192 | -7/Recycling | Scanned before Scraplab entrance 1489 | -7/Recycling | Entered Scraplab 1498 | -7/Recycling | Discovered new exit (range 3) 1501 | -7/Recycling | Entered Scraptown 1501 | -7/Scraptown | System corruption cleaned by C-Scrubber 1721 | -7/Scraptown | Discovered new exit (range 13) 1777 | -7/Scraptown | Scanned Subdweller tech in exchange for log data 1783 | -7/Scraptown | Learned 12 Research zone layouts 1825 | -7/Scraptown | Visited Red Mages 1845 | -7/Scraptown | Visited CR-KLE's Repair Center 1852 | -7/Scraptown | CR-KLE repaired 4 parts 1887 | -7/Scraptown | Visited Shadow of the Wyrm 1902 | -7/Scraptown | Visited Comm Corps 2119 | -7/Scraptown | Visited UFD Registry 2119 | -7/Scraptown | Registered with UFD as "Hellrunner" 2126 | -7/Scraptown | Visited Fellowship of the Rings 2138 | -7/Scraptown | Visited IN-MT5's Study 2164 | -7/Scraptown | Visited CPS Storage 2227 | -7/Scraptown | Visited Curators Association 2253 | -7/Scraptown | Visited Science Guys 2298 | -7/Scraptown | Visited Observation Area 2332 | -7/Scraptown | Visited Chapter 10 2348 | -7/Scraptown | Visited Derelict Rescue Squad 2371 | -7/Scraptown | Visited Infowarlord's Domain 2379 | -7/Scraptown | Found Exp. Sensor Array 2401 | -7/Scraptown | Visited Analyses Database 2547 | -7/Scraptown | Visited LU-1G1's Boring Crew 2590 | -7/Scraptown | Visited A0-MCA Data Center 2596 | -7/Scraptown | Given a C+ rating by A0-MCA 2599 | -7/Scraptown | Found A0-MCA's Component Scanner 2628 | -7/Scraptown | Visited Junk Repository 2718 | -7/Scraptown | Met Optimus 2718 | -7/Scraptown | Accepted into 0bPrime 2763 | -7/Scraptown | Civil war broke out across Scraptown 2780 | -7/Scraptown | Discovered new exit (range 4) 2784 | -7/Scraptown | Entered Factory 2784 | -5/Factory | Evolved 10 slots: Propulsion x4, Utility x6 2948 | -5/Factory | Lost 4 parts (2n1u1w) 3045 | -5/Factory | Identified exit to Upper Caves 3199 | -5/Factory | Entered Upper Caves 3461 | -5/Upper Caves | Build established: Ninja 4026 | -5/Upper Caves | Learned 4 Factory zone layouts 4035 | -5/Upper Caves | Discovered new exit (range 6) 4036 | -5/Upper Caves | Identified exit to Upper Caves 4091 | -5/Upper Caves | Entered another Upper Caves area 4101 | -5/Upper Caves | Discovered new exit (range 14) 4104 | -5/Upper Caves | Identified exit to Factory 4114 | -5/Upper Caves | Entered a destroyed Warlord outpost 4250 | -5/Upper Caves | Discovered new exit (range 13) 4259 | -5/Upper Caves | Identified exit to Warlord 4274 | -5/Upper Caves | Entered Warlord 4372 | -5/Warlord | Visited the Vortex Lab 4373 | -5/Warlord | Found Vortex Rail 4374 | -5/Warlord | Found Vortex Rail 4389 | -5/Warlord | Learned Quarantine trap positions 4390 | -5/Warlord | Learned 4 Armory zone layouts 4390 | -5/Warlord | Learned Research security intel 4394 | -5/Warlord | Warlord's base attacked by MAIN.C 4396 | -5/Warlord | Rebuked by Warlord 4414 | -5/Warlord | Found Minesniffer Drone Bay 4447 | -5/Warlord | Found Ghost Barrier 4453 | -5/Warlord | Found Vortex Chain Reactor 4653 | -5/Warlord | Lost 3 allies 4744 | -5/Warlord | Warlord forces counterattacked 4778 | -5/Warlord | Build established: Hacker-Ninja 4863 | -5/Warlord | Discovered new exit (range 12) 4865 | -5/Warlord | Identified exit to Proximity Caves 4865 | -5/Warlord | Entered Proximity Caves 4876 | -4/Proximity Caves | Lost 11 allies 4995 | -4/Proximity Caves | Learned location of Quarantine (-2) 5022 | -4/Proximity Caves | Spotter reported a threat 5039 | -4/Proximity Caves | Spotter reported a threat 5061 | -4/Proximity Caves | Entered Factory 5061 | -4/Factory | Evolved 2 slots: Power x1, Utility x1 5170 | -4/Factory | Discovered new exit (range 5) 5171 | -4/Factory | Identified exit to Extension 5438 | -4/Factory | Entered Extension 5611 | -4/Extension | Rescued a captive Derelict 5631 | -4/Extension | Rescued A7 5855 | -4/Extension | Lost 4 allies 6065 | -4/Extension | Spotted B-86 Titan 6091 | -4/Extension | Allies destroyed B-86 Titan 6092 | -4/Extension | Spotted B-86 Titan 6114 | -4/Extension | Extracted ID and sensor layout for unrecognized location from A7's data core 6137 | -4/Extension | Discovered new exit (range 19) 6137 | -4/Extension | Discovered new exit (range 19) 6141 | -4/Extension | Identified exit to Cetus 6141 | -4/Extension | Entered Cetus 6144 | -4/Cetus | Spotted Cetus Guard 6144 | -4/Cetus | Spotted Cetus Guard 6144 | -4/Cetus | Spotted Cetus Guard 6145 | -4/Cetus | Spotted Cetus Guard 6164 | -4/Cetus | Discovered new exit (range 20) 6168 | -4/Cetus | Identified exit to Archives 6169 | -4/Cetus | Entered Archives 6184 | -4/Archives | Discovered new exit (range 13) 6187 | -4/Archives | Identified exit to Hub_04(d) 6188 | -4/Archives | Entered Hub_04(d) 6245 | -4/Hub_04(d) | Network Hub disabled 6264 | -4/Hub_04(d) | Spotted Lightning 6295 | -4/Hub_04(d) | Network Hub disabled 6305 | -4/Hub_04(d) | Network Hub disabled 6312 | -4/Hub_04(d) | Network Hub disabled 6339 | -4/Hub_04(d) | Spotted Lightning 6339 | -4/Hub_04(d) | Spotted Lightning 6340 | -4/Hub_04(d) | Lost 5 parts (2n3u) 6343 | -4/Hub_04(d) | Spotted Lightning 6343 | -4/Hub_04(d) | Spotted Lightning 6343 | -4/Hub_04(d) | Spotted Lightning 6350 | -4/Hub_04(d) | Core integrity fell below 50% 6377 | -4/Hub_04(d) | Discovered new exit (range 4) 6378 | -4/Hub_04(d) | Core integrity fell below 20% 6381 | -4/Hub_04(d) | Identified exit to Research 6382 | -4/Hub_04(d) | Entered Research 6382 | -3/Research | Evolved 2 slots: Utility x2 6385 | -3/Research | Loaded intel: 125 machine locations 6390 | -3/Research | Identified exit to DSF 6390 | -3/Research | Entered DSF 6391 | -3/DSF | Lost 4 parts (3n1u) 6396 | -3/DSF | Discovered new exit (range 19) 6418 | -3/DSF | Additional patrols routed to DSF 6499 | -3/DSF | Core integrity fell below 50% 6508 | -3/DSF | Found Powered Armor 6511 | -3/DSF | Identified exit to Research 6512 | -3/DSF | Entered Research 6512 | -2/Research | Evolved 2 slots: Weapon x2 6513 | -2/Research | Identified exit to Access 6641 | -2/Research | Lost 3 parts (1p1u1w) 6766 | -2/Research | Lost 4 parts (1p3u) 6773 | -2/Research | Found Enh. Gamma Bomb Array 6789 | -2/Research | Spotted B-90 Cyclops 6808 | -2/Research | Entered Access 6808 | -1/Access | Evolved 2 slots: Weapon x2 6841 | -1/Access | Garrison activated, responded to threat 6852 | -1/Access | Lost 6 parts (1p3u2w) 7069 | -1/Access | Energy Cycler disabled 7088 | -1/Access | Lost 14 parts (2p6n4u2w) 7168 | -1/Access | Identified exit to Surface 7238 | -1/Access | Core integrity fell below 50% 7240 | -1/Access | Identified exit to Garrison 7240 | -1/Access | Entered Garrison 7290 | -1/Garrison | Spotted B-99 Colossus 7291 | -1/Garrison | Triggered checkpoint 7296 | -1/Garrison | System corruption reached 10% 7299 | -1/Garrison | Core integrity fell below 20% 7305 | -1/Garrison | Discovered new exit (range 10) 7310 | -1/Garrison | Entered Access 7329 | -1/Access | Lost 4 parts (1n2u1w) 7363 | -1/Access | Destroyed by H-88 Terminator with KE Penetrator Last Messages --------------- 07298_ Penetrated by Slug. 07298_ Slug penetrates Wall. 07299_ Penetrated by Slug. 07305_ EXIT=FOUND LOCATION=UNKNOWN GOAL=ESCAPE 07313_ ALERT: Access garrison breached. 07313_ ALERT: Machine network offline. 07318_ System corrupted: Heat flow error (+170). 07324_ Acquired Imp. Gyrokinetic Inverter. 07328_ Dropped Imp. Gyrokinetic Inverter. 07329_ Slug penetrates Wall. 07332_ Penetrated by Slug. 07333_ System corrupted: Component data lost. 07341_ Slug penetrates Wall. 07354_ System corrupted: Energy discharge (-24). 07357_ Slug penetrates Wall. 07360_ Penetrated by Slug. 07360_ Slug penetrates Wall. 07363_ Penetrated by Slug. Map ----- +----------------------------------------------------+ | ????????????????????????????????????????? | | ????????????????????????????????????????? | | ????????????????????????????????????????? | | ????????????????????????????????????????? | | ????????????????????????????????????????? | | ????????????????????????????????????????? | | ????????????????????????????????????????? | | ????????????????????????????????????????? | | ????????????????????????????????????????? | | ????????????????????????????????????????? | | ????????????????????????????????????????? | | ????????????????????????????????????????? | | ????????????????????????????????????????? | | ???????????????????????? ??????????????? | | ??????????????????????## ????????????? | | ????????????????????? ????????????? | | ????????????????????? ???????????? | | ???????????????????? ???????????? | | ???????????????????? ??????????? | | ???###########+##?? ??????????? | | ???# #?? ???????????? | | ???# #? ?????????????? | | ???# #? #???????????????? | | ???# # #???????????????? | | ???# # #???????????????? | | ???# " @ g +???????????????? | | ???# """ # #???????????????? | | ???# """ # #???????????????? | | ???# " # p #???????????????? | | ???# h # #???????????????? | | ???# # #???????????????? | | ???# # p#???????????????? | | ???##/#####+##### #???????????????? | | ????# #???# #???# w#???????????????? | | ????# #???# #???# #???????????????? | | ????# #???# #???# #???????????????? | | ????# #???# #???# #???????????????? | | ????# #???# #???# #???????????????? | | ????# ##### ##### #???????????????? | | ????# #########???????? | | ????############# # ! ??????? | | ????? ] # # ? ?????? | | ?????? # # "" ??????? | | ???????""" # # "" ???????? | | ??????""R"" # # """""" #??? | | ???? "" "" # # """""" #??? | | ???# + =+ "" #??? | | ???# # # "" #??? | | ???# # # #??? | | ???# # # #??? | +----------------------------------------------------+ Best States ------------- Heat Dissipation 80 Coolant Potential 120 Energy Generation 55 Energy Capacity 790 Matter Stores 444 Matter Capacity 450 Sight Range 20 Robot Scan Range 20 Terrain Scan Range 20 Terrain Scan Density 285 Cloak Strength 2 Armor Coverage 825 Evasion (%) 78 Salvage Targeting 2 Offensive Hacking 10 Defensive Hacking 30 Item Schematics ----------------- None Robot Schematics ------------------ None Fabricated ------------ Nothing Repaired ---------- Nothing Alien Tech Used ----------------- None Achievements -------------- 404 Challenges ------------ None Game ------ Seed SmallPulseSabre Manual? 0 Play Time 01:42:51 Cumulative 77.1 hours Start 2025.08.11 @ 01:22:25 End 2025.08.11 @ 03:12:14 Sessions 1 Manual Loads 0 Difficulty Rogue Special Mode None Game No. 26 Rogue 26 Adventurer 0 Explorer 0 Win Type - Total 1 Types 0/0/1/0/0/0/0/0/0/0 Lore% 57 Gallery% 52 Achievement% 75 Wizard Run 0 Options --------- Layout 2 ASCII 0 Keyboard 1 Movement Vi Keybinds 0 Fullscreen 1 Font 28/SwanstonBold Map View 50x52 Zoom Use 0% Tactical HUD 1 Map Filters NONE Filters NONE Steam 1 RUN: f411e352-c0b4-49f2-ad6c-6af7cf3fe688